AoeStats
← Crazy_Owl

Four Lakes

507529110Analyzed
1v1 RM · 14d ago on Sep 18, 2026· 42m 56s· 2 players
Game mode
Random Map
Map size
Tiny (2 player)
Population
200
Speed
Normal
Resources
Standard
Victory
Conquest
Starting age
Dark Age
Ending age
Imperial Age
RankedLock teamsTeams togetherTeam positionsShared explorationLock speedFull tech treeHidden civsTurbo modeCheats
Victory
Defeat
🇳🇱 Goths · Netherlands
874
+16
🇲🇩 Byzantines · Moldova
882
-16
Crazy_Owl
8:28 Loom
11:10 Feudal Age
12:04 Double-Bit Axe
18:05 Castle Age
16:34 Fishing Lines
18:08 Scale Mail Armor
18:18 Forging
19:17 Pikeman
20:16 Gillnets
20:44 Bow Saw
22:16 Squires
22:28 Fletching
22:55 Chain Mail Armor
23:12 Horse Collar
24:24 Heavy Plow
26:57 Wheelbarrow
31:43 Anarchy
32:22 Iron Casting
31:43 Bodkin Arrow
34:48 Imperial Age
32:43 Hand Cart
33:18 Elite Skirmisher
35:51 Conscription
34:52 Elite Huskarl
34:58 Halberdier
39:20 Blast Furnace
38:21 Bracer
38:23 Padded Archer Armor
Vitalius
8:23 Loom
10:33 Feudal Age
12:13 Double-Bit Axe
19:09 Castle Age
17:37 Scale Barding Armor
19:37 Forging
22:45 Husbandry
24:06 Crossbowman
24:39 Fletching
26:58 Wheelbarrow
29:36 Bodkin Arrow
30:02 Chain Barding Armor
32:44 Iron Casting
32:11 Light Cavalry
39:10 Imperial Age
37:11 Padded Archer Armor
37:50 Murder Holes
37:31 Elite Skirmisher
39:24 Arbalester
40:30 Ballistics
40:34 Leather Archer Armor
42:14 Conscription
43:17 Bow Saw
44:13 Chemistry
Connection lost

Rejoining the realm…

Still unreachable

The connection could not be restored.

Session expired

The server has moved on; the page needs a fresh start.